 Dungeon Crawl Stone Soup version 0.26.0-11-g8f856b5395 (webtiles) character file.

Game seed: 6705084250088286712

149 teolandon225 the Chopper (level 5, 0/47 HPs)
             Began as a Hill Orc Monk on Jan 14, 2021.
             Slain by a white imp (3 damage)
             ... on level 2 of the Dungeon.
             The game lasted 00:04:05 (2031 turns).

teolandon225 the Chopper (Hill Orc Monk)            Turns: 2031, Time: 00:04:05

Health: 0/47       AC:  7    Str: 15    XL:     5   Next: 31%
Magic:  5/5        EV: 10    Int: 10    God:
Gold:   153        SH:  0    Dex: 13    Spells: 4/4 levels left

rFire    . . .     SeeInvis .   a - +0 hand axe
rCold    . . .     Faith    .   (no shield)
rNeg     . . .     Spirit   .   g - +0 scale mail
rPois    .         Reflect  .   (no helmet)
rElec    .         Harm     .   n - +0 cloak
rCorr    .         Rampage  .   (no gloves)
Will     .....                  (no boots)
Stlth    ..........             (no amulet)
HPRegen  0.15/turn              (no ring)
MPRegen  0.09/turn              (no ring)

@: no status effects
A: no striking features
a: no special abilities


You were on level 2 of the Dungeon.
You visited 1 branch of the dungeon, and saw 2 of its levels.

You collected 153 gold pieces.

Inventory:

Hand Weapons
 a - a +0 hand axe (weapon)
 m - a cursed +0 war axe
Armour
 b - a +0 robe
 g - a +0 scale mail (worn)
 j - a +2 pair of gloves
 n - a +0 cloak (worn)
Jewellery
 c - a +4 ring of protection {unknown}
Scrolls
 d - 2 scrolls of teleportation
 e - a scroll of identify
 k - 2 scrolls of fog {unknown}
 o - a scroll of magic mapping {unknown}
Potions
 f - a potion of experience
 h - a potion of lignification
 i - a potion of heal wounds {unknown}
 l - a potion of brilliance {unknown}


   Skills:
 + Level 4.6 Fighting
 * Level 6.0 Axes
 + Level 1.3 Armour
 + Level 3.1 Dodging
 - Level 1.5 Stealth


You had 4 spell levels left.
You didn't know any spells.
Your spell library was empty.

Dungeon Overview and Level Annotations

Branches:
Dungeon (2/15)

Altars:
Makhleb


Message History

You closely miss the white imp.
The white imp is severely wounded.
The white imp closely misses you.
You barely miss the white imp.
The white imp is severely wounded.
The white imp gestures at you. The puff of frost hits you!
* * * LOW HITPOINT WARNING * * *
You barely miss the white imp.
The white imp is severely wounded.
The white imp barely misses you.
You hit the white imp.
The white imp is almost dead.
The white imp misses you.
You hit the white imp.
The white imp is almost dead.
The white imp hits you.
* * * LOW HITPOINT WARNING * * *
The white imp freezes you.
You die...

... #.# # #.# .# #
..# #.# # #.# #.# #
#.# #.# # ##.# ##.##
# #@.####...########
#.l5#..............##
#..#######...##......
#.. ######.######..#
... .............###.
###.
############..... #
######


You could see a white imp and a leopard gecko.

Vanquished Creatures
  A centaur (D:2)
  An adder (D:2)
  An ooze (D:1)
  4 worms (D:2)
  A dart slug (D:1)
  4 giant cockroaches
  7 hobgoblins (D:1)
  3 jackals (D:1)
  3 bats
  3 frilled lizards
  6 goblins
  6 kobolds
  8 rats
48 creatures vanquished.

Notes
Turn   | Place    | Note
-------+----------+-------------------------------------------
     0 | D:1      | teolandon225 the Hill Orc Monk began the quest for the Orb.
     0 | D:1      | Reached XP level 1. HP: 19/19 MP: 1/1
    70 | D:1      | Reached XP level 2. HP: 16/27 MP: 2/2
   521 | D:1      | Reached XP level 3. HP: 33/33 MP: 3/3
   715 | D:1      | Reached skill level 5 in Axes
  1644 | D:2      | Found a burning altar of Makhleb.
  1701 | D:2      | Noticed a centaur
  1728 | D:2      | Reached XP level 4. HP: 38/40 MP: 4/4
  1728 | D:2      | Killed a centaur
  1729 | D:2      | Reached skill level 1 in Armour
  1729 | D:2      | Reached XP level 5. HP: 45/47 MP: 5/5
  1983 | D:2      | Reached skill level 6 in Axes
  2031 | D:2      | Slain by a white imp

Illustrated notes

Levels and vault maps discovered:
D:1:      lemuel_arrival_room, layout_basic, kennysheep_decorative_pillar,
          minmay_ruptured
D:2:      layout_loops_ring, nicolae_overflow_crystal_walls

Skill      XL: |  1  2  3  4  5 |
---------------+----------------+-----
Fighting       | 4 |  4.6
Axes           | 5 6 |  6.0
Armour         | 1 |  1.3
Dodging        | 3 |  3.1
Stealth        | |  1.5

Action                   |  1- 3 |  4- 6 || total
-------------------------+-------+-------++-------
Melee: Hand axe          |   139 |    41 ||   180
  Use: Scroll            |     4 |       ||     4
       Potion            |     1 |       ||     1
 Stab: Sleeping          |     3 |       ||     3
Armor: Robe              |    12 |       ||    12
       Scale mail        |    19 |    12 ||    31
Dodge: Dodged            |    80 |    14 ||    94
